AoeStats
← JAGR I Makako

Arabian Desert

508550329Analyzed
1v1 RM · 9d ago on Sep 23, 2026· 42m 14s· 2 players
Game mode
Random Map
Map size
Tiny (2 player)
Population
200
Speed
Normal
Resources
Standard
Victory
Conquest
Starting age
Dark Age
Ending age
Imperial Age
RankedLock teamsTeams togetherTeam positionsShared explorationLock speedFull tech treeHidden civsTurbo modeCheats
Victory
Defeat
🇦🇷 Goths · Argentina
1288
+14
🇲🇽 Romans · Mexico
1248
-14
JAGR I Makako
4:44 Loom
8:59 Feudal Age
9:27 Double-Bit Axe
16:06 Wheelbarrow
17:46 Fletching
17:57 Padded Archer Armor
18:16 Horse Collar
23:03 Castle Age
22:22 Scale Mail Armor
22:16 Gold Mining
22:27 Stone Mining
23:14 Forging
22:36 Man-at-Arms
24:28 Squires
24:01 Long Swordsman
28:23 Chain Mail Armor
30:05 Iron Casting
31:02 Bow Saw
33:40 Pikeman
42:37 Heavy Plow
massi2255
4:46 Loom
9:54 Feudal Age
9:55 Man-at-Arms
10:40 Double-Bit Axe
17:13 Wheelbarrow
18:36 Fletching
21:45 Castle Age
20:04 Gold Mining
21:09 Padded Archer Armor
22:10 Horse Collar
22:42 Bow Saw
26:16 Scale Mail Armor
29:10 Long Swordsman
29:51 Squires
30:30 Town Watch
32:37 Chain Mail Armor
34:04 Forging
36:49 Iron Casting
42:03 Imperial Age
39:53 Hand Cart
42:11 Heavy Plow
Connection lost

Rejoining the realm…

Still unreachable

The connection could not be restored.

Session expired

The server has moved on; the page needs a fresh start.